Map: Traitor's Exile

Players

Nuffy

  • Race: Zerg Zerg
  • Spawn Location: 5:00

OinK

  • Race: Zerg Zerg
  • Spawn Location: 6:00

PureLegacy - Winner!

  • Race: Terran Terran
  • Spawn Location: 12:00

heffplay - Winner!

  • Race: Protoss Protoss
  • Spawn Location: 9:00

VOD

Have the link to the VOD?

Description

Time

  • Played on: Dec. 3, 2018, 8:31 a.m.
  • Length: 12:13
Show
View Real Time Build Order
Export as new Build Order

Nuffy Zerg 

Build Orders: Hatch First 

Get SALT Encoding   

  12  0:01  Drone  
  13  0:12  Overlord  
  13  0:18  Drone  
  14  0:31  Drone x2  
  14  0:35  Drone  
  17  0:53  Hatchery  
  17  0:57  Drone  
  17  0:58  Drone  
  18  1:11  Extractor  
  17  1:14  Spawning Pool  
  17  1:17  Drone  
  17  1:20  Drone  
  18  1:28  Drone  
  19  1:45  Overlord  
  19  2:04  Queen, Zergling x4  
  19  2:05  Queen  
  25  2:10  Metabolic Boost  
  25  2:11  Drone  
  25  2:15  Zergling x2  
  27  2:20  Zergling x2  
  28  2:28  Evolution Chamber  
  27  2:32  Zergling x4  
  29  2:39  Spine Crawler  
  27  2:54  Overlord  
  27  2:56  Zergling x2  
  27  2:57  Zergling x6  
  31  2:58  Zerg Melee Weapons Level 1  
  29  3:09  Zergling x4  
  31  3:19  Zergling x6  
  34  3:22  Zergling x2  
  35  3:37  Drone x4  
  36  4:05  Zergling x16  
  44  4:16  Overlord  
  44  4:17  Overlord  
  44  4:44  Zergling x12  
  49  4:53  Zerg Ground Armor Level 1  
  48  5:00  Zergling x8  
  52  5:15  Zergling x6  
  44  5:46  Zergling x16  
  43  5:54  Lair  
  41  6:05  Drone x5  
  46  6:17  Zergling x4  
  46  6:28  Zergling x12  
  52  6:35  Overlord x2  
  46  6:49  Zergling x2  
  46  6:50  Zergling x2  
  46  6:52  Zerg Melee Weapons Level 2  
  48  6:57  Queen  
  50  7:05  Zergling x12  
  50  7:08  Drone  
  57  7:10  Drone  
  57  7:14  Drone  
  58  7:18  Drone  
  59  7:26  Drone x4  
  59  7:27  Drone  
  64  7:38  Drone x3  
  67  7:58  Overlord x5  
  66  8:06  Baneling Nest  
  59  8:24  Zergling x18  
  68  8:41  Zergling x6  
  71  8:54  Hatchery  
  70  8:57  Extractor  
  70  8:58  Baneling  
  70  8:59  Baneling x2  
  69  9:08  Drone x7  
  34  9:36  Hatchery  
  33  9:39  Zergling x8  
  37  9:48  Zergling x6  
  37  9:58  Queen  
Show
View Real Time Build Order
Export as new Build Order

OinK Zerg 

Build Orders: Hatch First 

Get SALT Encoding   

  12  0:01  Drone  
  13  0:13  Overlord  
  13  0:18  Drone  
  14  0:31  Drone  
  14  0:32  Drone  
  16  0:37  Drone  
  17  0:57  Hatchery  
  17  0:59  Drone  
  17  1:10  Spawning Pool  
  16  1:13  Drone  
  17  1:20  Drone  
  17  1:21  Extractor  
  17  1:23  Drone  
  18  1:30  Overlord  
  19  1:40  Drone  
  19  1:57  Queen  
  19  1:58  Zergling x2  
  22  2:13  Roach Warren  
  21  2:21  Drone  
  22  2:23  Queen  
  22  2:27  Drone x3  
  22  2:28  Drone  
  28  2:37  Queen  
  29  2:54  Roach x3  
  29  2:57  Overlord  
  35  3:13  Overlord  
  35  3:25  Roach x4  
  43  3:27  Overlord  
  43  3:36  Drone x2  
  45  3:42  Drone x5  
  50  3:54  Drone x2  
  52  3:56  Lair  
  52  4:03  Evolution Chamber  
  51  4:10  Drone x2  
  51  4:15  Overlord x2  
  53  4:17  Drone x2  
  55  4:26  Roach  
  55  4:27  Roach  
  55  4:31  Zerg Missile Weapons Level 1  
  59  4:38  Drone x3  
  62  4:41  Extractor  
  62  4:44  Roach x2  
  65  4:49  Drone x3  
  65  4:51  Extractor  
  67  5:11  Drone x5  
  72  5:19  Roach  
  72  5:20  Roach x3  
  72  5:28  Roach x2  
  70  5:37  Roach  
  72  5:58  Extractor  
  72  6:01  Roach  
  72  6:02  Roach  
  75  6:04  Overlord x2  
  75  6:06  Hatchery  
  75  6:07  Glial Reconstitution  
  74  6:15  Hydralisk Den  
  73  6:21  Drone  
  70  6:34  Roach  
  70  6:35  Roach x8  
  88  6:44  Roach x2  
  88  6:47  Overlord  
  88  7:00  Grooved Spines  
  88  7:02  Hydralisk x2  
  88  7:05  Overlord x3  
  92  7:16  Queen x2  
  92  7:20  Hydralisk x5  
  106  7:31  Queen  
  106  7:35  Hydralisk  
  106  7:36  Hydralisk x3  
  116  7:39  Overlord x2  
  116  7:49  Hydralisk x3  
  122  8:04  Hydralisk x2  
  122  8:05  Roach x2  
  114  8:08  Roach  
  116  8:22  Zerg Missile Weapons Level 2  
  116  8:26  Drone x9  
  125  8:36  Hydralisk  
  125  8:37  Hydralisk, Roach  
  125  8:38  Roach x2  
  125  8:46  Hydralisk  
  125  8:47  Roach x2  
  121  9:01  Hydralisk  
  121  9:02  Hydralisk, Roach x2  
  129  9:03  Roach  
  131  9:11  Extractor  
  131  9:16  Extractor  
  129  9:17  Hydralisk x2  
  129  9:18  Roach x3  
  135  9:32  Hydralisk  
  135  9:33  Hydralisk, Roach x2  
  135  9:34  Roach  
  145  9:49  Drone  
  145  9:52  Overlord x3  
  146  9:59  Overseer x3  
  146  10:14  Hydralisk x2  
  146  10:15  Hydralisk x3, Roach x2  
  146  10:16  Roach x3  
  162  10:39  Hydralisk x2  
  162  10:40  Hydralisk, Roach x2  
  170  10:54  Pneumatized Carapace  
  170  10:55  Hydralisk  
  170  11:00  Overlord x2  
  170  11:02  Overlord x2  
  132  11:13  Hydralisk x2  
  132  11:14  Hydralisk, Roach x2  
  132  11:17  Hydralisk x2  
  132  11:18  Hydralisk, Roach x3  
  103  11:33  Hydralisk  
  103  11:34  Hydralisk x2, Roach x2  
  103  11:35  Roach  
  105  11:46  Hydralisk x4, Roach  
  105  11:47  Hydralisk, Roach x3  
Show
View Real Time Build Order
Export as new Build Order

PureLegacy Terran - Winner!

Build Orders:  

Get SALT Encoding   

  12  0:02  SCV  
  13  0:14  SCV  
  13  0:19  Supply Depot  
  14  0:26  SCV  
  15  0:31  Refinery  
  15  0:41  SCV  
  16  0:46  Barracks  
  16  0:53  SCV  
  17  1:11  Barracks  
  17  1:16  Barracks  
  17  1:21  SCV  
  18  1:34  Reaper  
  19  1:40  Orbital Command  
  19  1:47  Refinery  
  19  1:58  Reaper  
  19  2:00  Supply Depot  
  20  2:04  Reaper  
  21  2:11  Reaper  
  21  2:13  SCV  
  23  2:22  Supply Depot  
  23  2:27  SCV  
  24  2:34  Reaper  
  25  2:39  SCV  
  27  2:44  Reaper  
  27  2:48  Reaper  
  28  2:51  SCV  
  29  3:04  SCV  
  30  3:06  Reaper  
  30  3:12  Command Center  
  31  3:16  SCV  
  32  3:22  Reaper  
  32  3:24  Reaper  
  34  3:35  Engineering Bay  
  34  3:36  SCV  
  35  3:42  Reaper  
  36  3:53  Barracks  
  36  3:54  Barracks  
  36  4:07  Reaper x2  
  36  4:08  Terran Infantry Weapons Level 1  
  38  4:11  SCV  
  38  4:15  Supply Depot  
  39  4:23  Reaper  
  40  4:25  Orbital Command  
  40  4:34  Refinery  
  40  4:35  SCV  
  40  4:36  Refinery  
  41  4:44  Reaper x2  
  43  4:46  Reaper  
  43  4:50  SCV  
  45  4:53  Reaper  
  45  4:58  Reaper  
  47  5:06  SCV  
  46  5:09  SCV  
  47  5:14  Barracks  
  47  5:22  Reaper  
  48  5:30  Reaper x2  
  49  5:36  Reaper  
  49  5:37  Reaper  
  49  5:38  SCV  
  48  5:54  Reaper  
  49  5:58  Barracks  
  49  6:00  Barracks  
  49  6:02  Reaper x2  
  49  6:03  Reaper  
  49  6:04  SCV  
  53  6:08  SCV  
  55  6:11  Reaper x2  
  55  6:18  Terran Infantry Armor Level 1  
  56  6:20  SCV  
  55  6:32  Reaper  
  55  6:34  Reaper  
  55  6:35  Reaper x2  
  58  6:44  Reaper  
  58  6:45  Reaper  
  60  6:47  Reaper x2  
  62  6:55  Supply Depot  
  62  6:56  Supply Depot x2  
  62  7:16  Reaper x4, SCV x2  
  62  7:17  Reaper  
  68  7:25  Reaper  
  68  7:26  Reaper x2  
  71  7:41  Command Center  
  71  7:48  Reaper x2  
  71  7:49  Reaper  
  71  7:51  SCV x2  
  76  7:54  Reaper x2  
  76  7:56  Orbital Command  
  70  8:21  Reaper x2, Command Center  
  72  8:29  Reaper x2  
  72  8:31  SCV  
  75  8:34  Reaper  
  73  8:44  Reaper x2  
  73  8:45  Reaper  
  65  8:49  SCV  
  65  8:50  SCV  
  65  8:53  Reaper x2  
  69  8:57  Refinery  
  69  9:02  SCV  
  70  9:04  SCV  
  70  9:07  Reaper  
  69  9:27  SCV x2  
  72  9:34  Orbital Command  
  70  9:39  SCV x2  
  70  9:51  SCV x2  
  69  9:56  Barracks Tech Lab  
  69  9:57  Marine x3  
  69  9:58  Marine x3  
  68  10:00  SCV  
  68  10:02  Factory  
  68  10:03  SCV  
  68  10:04  SCV  
  71  10:12  SCV, Barracks Tech Lab  
  71  10:15  Marine, SCV  
  71  10:16  Marine, SCV  
  71  10:17  Marine x5  
  80  10:22  Supply Depot  
  80  10:24  SCV  
  78  10:39  Marine x3  
  78  10:40  Marine x3  
  78  10:41  Marine x2, Combat Shield  
  78  10:45  SCV x2  
  78  10:46  Orbital Command  
  80  10:51  Factory Reactor, Starport  
  80  10:53  Armory  
  80  10:55  Engineering Bay  
  80  11:02  SCV x2  
  82  11:07  Marine x4, Marauder x2  
  82  11:08  Marine  
  91  11:11  Marine  
  91  11:15  SCV  
  91  11:16  SCV  
  94  11:25  Supply Depot, Marine  
  92  11:33  Marine x3  
  92  11:34  Marine x3  
  94  11:40  Supply Depot, Marauder  
  94  12:05  Command Center  
Show
View Real Time Build Order
Export as new Build Order

heffplay Protoss - Winner!

Build Orders: Blink Stalkers 

Get SALT Encoding   

  1  0:00  Probe  
  12  0:06  Probe  
  14  0:16  Probe  
  15  0:24  Pylon  
  15  0:34  Assimilator  
  15  0:38  Assimilator  
  15  0:42  Probe  
  16  0:50  Gateway  
  16  0:54  Probe  
  17  1:02  Probe  
  17  1:10  Probe  
  18  1:18  Gateway  
  19  1:27  Pylon  
  19  1:30  Probe  
  20  1:46  Cybernetics Core  
  20  1:47  Probe  
  21  2:01  Gateway  
  21  2:15  Stalker, Probe  
  22  2:22  Stalker  
  24  2:23  Warp Gate  
  26  2:36  Twilight Council  
  26  2:45  Stalker  
  28  2:51  Stalker  
  28  2:57  Blink  
  30  3:08  Pylon  
  30  3:26  Stalker  
  32  3:47  Gateway  
  31  4:10  Gateway  
  31  4:15  Pylon  
  31  4:20  Shield Battery  
  31  4:30  Sentry  
  31  4:31  Sentry  
  35  4:34  Sentry  
  37  4:44  Sentry  
  39  4:46  Nexus  
  39  4:54  Stalker  
  39  4:56  Sentry  
  43  5:01  Stalker  
  31  5:35  Stalker x3  
  33  5:37  Sentry  
  33  5:38  Sentry  
  39  5:56  Charge, Probe  
  40  5:59  Stalker  
  42  6:09  Probe  
  43  6:14  Probe  
  44  6:21  Probe  
  45  6:58  Probe x2  
  45  7:05  Robotics Facility  
  45  7:07  Stalker x4  
  53  7:10  Probe x2  
  53  7:15  Assimilator  
  55  7:17  Assimilator  
  55  7:22  Sentry  
  57  7:34  Probe x2  
  59  7:39  Zealot  
  61  7:46  Probe  
  61  7:47  Pylon  
  62  7:57  Pylon  
  62  8:02  Observer  
  62  8:03  Pylon  
  62  8:05  Probe x2  
  65  8:22  Zealot x4  
  65  8:25  Probe  
  65  8:26  Probe  
  73  8:34  Probe x2  
  77  8:45  Shield Battery  
  77  8:47  Probe x2, Shield Battery  
  79  9:00  Zealot x3  
  85  9:10  Templar Archives  
  85  9:38  Pylon  
  85  9:39  Pylon  
  85  9:40  Pylon  
  85  9:44  Psionic Storm  
  85  9:55  Immortal  
  89  10:12  High Templar x3  
  89  10:13  High Templar x2  
  99  10:28  Probe x2  
  101  10:34  Warp Prism  
  103  10:43  Nexus  
  93  10:54  Zealot  
  93  10:55  Zealot x4  
  88  11:10  Archon x2  
  58  11:22  Zealot x5  
  52  11:46  Zealot x5  
  54  12:07  High Templar x5  
Tags
 
Add a new tag
Caveats
  • Supply blocks, unpowered buildings, or Contaminate may cause inaccurate times.
  • Supply counts are checked every 10 seconds.